 Dungeon Crawl Stone Soup version 0.28.0-53-g5a82cb258f (webtiles) character file.

Game seed: 8023737006184847852

7 Plasmagod the Skirmisher (level 2, 32/32 HPs)
             Began as an Ogre Fighter on July 21, 2022.
             Quit the game on level 1 of the Dungeon.
             The game lasted 00:00:53 (226 turns).

Plasmagod the Skirmisher (Ogre Fighter)              Turns: 226, Time: 00:00:54

Health: 32/32      AC:  3    Str: 19    XL:     2   Next: 0%
Magic:  2/2        EV:  8    Int:  9    God:
Gold:   0          SH:  7    Dex:  8    Spells: 1/1 levels left

rFire   . . .      SeeInvis .   a - +0 war axe
rCold   . . .      Faith    .   c - +0 kite shield
rNeg    . . .      Spirit   .   b - +0 robe
rPois   .          Reflect  .   (helmet restricted)
rElec   .          Harm     .   (no cloak)
rCorr   .          Rampage  .   (gloves unavailable)
Will    .....                   (boots unavailable)
Stlth   +.........              (no amulet)
HPRegen 0.10/turn               (no ring)
MPRegen 0.08/turn               (no ring)

@: no status effects
A: large, unfitting armour, tough skin 1
a: no special abilities


You were on level 1 of the Dungeon.
You visited 1 branch of the dungeon, and saw 1 of its levels.

Inventory:

Hand Weapons
 a - a +0 war axe (weapon)
Armour
 b - a +0 robe (worn)
 c - a +0 kite shield (worn)
Scrolls
 f - a scroll of brand weapon {unknown}
Potions
 d - a potion of might
 e - a potion of heal wounds {unknown}


   Skills:
 + Level 4.1 Fighting
 + Level 2.0 Axes
 + Level 3.0 Dodging
 + Level 2.7 Shields


You had one spell level left.
You didn't know any spells.
Your spell library was empty.

Dungeon Overview and Level Annotations

Branches:
Dungeon (1/15)

Altars:


Innate Abilities, Weirdness & Mutations

You are too large for most types of armour.
You have tough skin. (AC +1)


Message History

There is an open door here.
There is an open door here.
Found a dagger.
Found a stone staircase leading down.
There is a stone staircase leading down here.
As you open the door, it creaks loudly!
There is an open door here.
Found a robe.
A dart slug comes into view.
The dart slug launches a dart at you. The slug dart hits you.
You see here a +0 robe.
The dart slug launches a dart at you. The slug dart misses you.
You slash the dart slug!
You kill the dart slug!
No target in view!
A bat comes into view.
You block the bat's attack.
A giant cockroach comes into view.
The bat hits you but does no damage. The bat barely misses you.
The bat hits you but does no damage.
You barely miss the bat. The bat closely misses you.
You block the bat's attack.
You hit the bat.
You kill the bat!
The giant cockroach bites you but does no damage.
You hit the giant cockroach but do no damage.
The giant cockroach misses you.
The giant cockroach bites you but does no damage.
You hit the giant cockroach.
The giant cockroach is severely wounded.
You block the giant cockroach's attack. The giant cockroach barely misses you.
You hit the giant cockroach but do no damage.
The giant cockroach is severely wounded.
You block the giant cockroach's attack. The giant cockroach barely misses you.
You hit the giant cockroach.
You kill the giant cockroach!
Your Dodging skill increases to level 3!
You have reached level 2!
Are you sure you want to abandon this character and quit the game? (Confirm with "yes".)

..##.
............#
..#
.#####.#..##
...# #.#..#
#.[#
#..#####.#..#
............#
#..#####.#..#
..#####.#..####
.
..............#
.
..###..@......#
#..†##.####
......# .#
......... #
..####... .
#...# .....
#.#.#


There were no monsters in sight!

Vanquished Creatures
  A dart slug (D:1)
  An endoplasm (D:1)
  A giant cockroach (D:1)
  A bat (D:1)
  A kobold (D:1)
5 creatures vanquished.

Notes
Turn   | Place    | Note
-------+----------+-------------------------------------------
     0 | D:1      | Plasmagod the Ogre Fighter began the quest for the Orb.
     0 | D:1      | Reached XP level 1. HP: 24/24 MP: 1/1
   226 | D:1      | Reached XP level 2. HP: 32/32 MP: 2/2
   226 | D:1      | Quit the game

Illustrated notes

Levels and vault maps discovered:
D:1:      lightli_arrival_chessboard, layout_basic, serial_shops, shop,
          hellmonk_ecumenical_altar_leap_of_faith, chequers_serial_rivers_room_a

Skill      XL: |  1 |
---------------+----+-----
Dodging        | 3 |  3.0
Fighting       | |  4.1
Axes           | |  2.0
Shields        | |  2.7

Action                   || total
-------------------------++-------
Melee: War axe           ||     9
Armor: Robe              ||     4
Dodge: Dodged            ||     7
Block: Kite shield       ||     5
